 Dungeon Crawl Stone Soup version 0.23.1 (webtiles) character file.

Game seed: 2078946989309212530

4 Borgoz the Sneak (level 1, -6/13 (14) HPs)
             Began as a Ghoul Enchanter on Mar 14, 2019.
             Mangled by a bullfrog (7 damage)
             ... on level 2 of the Dungeon.
             The game lasted 00:00:44 (302 turns).

Borgoz the Sneak (Ghoul Enchanter)                   Turns: 302, Time: 00:00:45

HP:   -6/13 (14)    AC:  2    Str: 11    XL:     1   Next: 60%
MP:   1/2           EV: 12    Int: 10    God:
Gold: 10            SH:  0    Dex:  9    Spells: 2/3 levels left

rFire    . . .     SeeInvis .   e - +3 dagger
rCold    + . .     Gourm    .   (no shield)
rNeg     + + +     Faith    .   b - +0 robe
rPois    ∞         Spirit   .   (no helmet)
rElec    .         Reflect  .   (no cloak)
rCorr    .         Harm     .   (no gloves)
MR       .....                  (no boots)
Stlth    ++........             (no amulet)
HPRegen  0.00/turn              (no ring)
MPRegen  0.08/turn              (no ring)

@: rotting
A: rotting body, claws 1, carnivore, cold resistance 1, negative energy
resistance 3, inhibited regeneration, torment resistance, unbreathing
a: no special abilities


You were on level 2 of the Dungeon.
You were not hungry.

You visited 1 branch of the dungeon, and saw 2 of its levels.

You collected 10 gold pieces.

Inventory:

Hand Weapons
 e - a +3 dagger (weapon)
Armour
 b - a +0 robe (worn)
Potions
 c - a potion of flight {unknown}
Comestibles
 d - a ration


   Skills:
 * Level 1.1 Short Blades
 + Level 0.2 Armour
 + Level 1.8 Dodging
 - Level 3.2 Stealth
 - Level 1.7 Spellcasting
 - Level 2.4 Hexes


You had 2 spell levels left.
You knew the following spells:

 Your Spells              Type           Power        Failure   Level  Hunger
a - Corona                Hex            #......      12%         1    ##.....

Your spell library contained the following spells:

 Spells                   Type           Power        Failure   Level  Hunger
 Ensorcelled Hibernation  Hex/Ice        #.....       30%         2    ###....
 Confuse                  Hex            #.......     34%         3    ####...
 Tukima's Dance           Hex            #.......     34%         3    ####...
 Dazzling Spray           Conj/Hex       #.....       52%         3    ####...


Dungeon Overview and Level Annotations

Branches:
Dungeon (2/15)

Altars:


Innate Abilities, Weirdness & Mutations

Your body is rotting away.
You thrive on raw meat.
You are immune to poison.
You have sharp fingernails.
You are carnivorous and can eat meat at any time.
Your flesh is cold resistant. (rC+)
You are immune to negative energy. (rN+++)
You do not regenerate when monsters are visible.
You are immune to unholy pain and torment.
You can survive without breathing.


Message History

You don't know that spell.
Casting: Corona (safe; 12% risk of failure)
Confirm with . or Enter, or press ? or * to list all spells.
Aiming: Corona (safe; 12% risk of failure)
Press: ? - help, Shift-Dir - straight line, f - bullfrog
Aim: a bullfrog (lightly wounded, chance to defeat MR: 38%)
The bullfrog resists with significant effort.
The bullfrog hits you but does no damage.
The bullfrog barely misses you.
You hit the bullfrog.
The bullfrog is moderately wounded.
The bullfrog closely misses you.
You barely miss the bullfrog.
The bullfrog is moderately wounded.
The bullfrog misses you. The bullfrog barely misses you.
You completely miss the bullfrog.
The bullfrog is moderately wounded.
The bullfrog hits you!
Ouch! That really hurt!
You die...

...# #..# #..#
#..# #..#####
#......#
#.########.###.#
...........# #.#
#......<...#
#@#####
#.##########
#F#...##
#g.....##
#........
#......#.
#.#....#
#.##.#.# ...
...# ..# .#.#


You could see a bullfrog and a hobgoblin.

Vanquished Creatures
  A goblin (D:1)
  A hobgoblin (D:1)
  A kobold (D:1)
3 creatures vanquished.

Notes
Turn   | Place    | Note
-------+----------+-------------------------------------------
     0 | D:1      | Borgoz the Ghoul Enchanter began the quest for the Orb.
     0 | D:1      | Reached XP level 1. HP: 14/14 MP: 2/2
     2 | D:1      | Noticed an octopode
     2 | D:1      | Noticed a merfolk
     4 | D:1      | Noticed a draconian
     4 | D:1      | Noticed a spriggan
     7 | D:1      | Noticed an elf
     7 | D:1      | Noticed a vine stalker
     9 | D:1      | Noticed a gargoyle
     9 | D:1      | Noticed a troll
    11 | D:1      | Noticed a demigod
    11 | D:1      | Noticed a minotaur
    13 | D:1      | Noticed a tengu
    13 | D:1      | Noticed a naga
    15 | D:1      | Noticed a formicid
    15 | D:1      | Noticed a felid
    17 | D:1      | Noticed a ghoul
    17 | D:1      | Noticed a centaur
    19 | D:1      | Noticed an ogre
    21 | D:1      | Noticed a vampire
    23 | D:1      | Noticed a halfling
    23 | D:1      | Noticed a demonspawn
    25 | D:1      | Noticed a dwarf
    25 | D:1      | Noticed a human
    39 | D:1      | Reached skill level 1 in Short Blades
   289 | D:2      | Noticed a bullfrog
   302 | D:2      | Mangled by a bullfrog

Skill      XL: |  1 |
---------------+----+-----
Short Blades   | 1 |  1.1
Armour         | |  0.2
Dodging        | |  1.8
Stealth        | |  3.2
Spellcasting   | |  1.7
Hexes          | |  2.4

Action                   || total
-------------------------++-------
Melee: Dagger            ||    13
 Cast: Corona            ||     3
Armor: Robe              ||     2
Dodge: Dodged            ||    11
